 Dungeon Crawl Stone Soup version 0.27-a0-200-g8ba017916c (webtiles) character file.

Game seed: 5584855896425560242

343862 gimp the Tortoise (level 20, -6/171 HPs)
             Began as a Demigod Wanderer on Jan 29, 2021.
             Killed from afar by Xtahua (56 damage)
             ... with a searing blast
             ... on level 3 of the Vaults on Jan 30, 2021.
             The game lasted 02:18:10 (65030 turns).

gimp the Tortoise (Demigod Wanderer)               Turns: 65030, Time: 02:18:11

Health: -6/171     AC: 27    Str: 24      XL:     20   Next: 28%
Magic:  24/24      EV: 16    Int: 10 (13) God:
Gold:   1392       SH: 17    Dex: 25      Spells: 17/19 levels left

rFire    . . .     SeeInvis +   b - +7 sceptre of Torment {pain, torment}
rCold    + . .     Faith    .   I - +2 kite shield
rNeg     . . .     Spirit   .   X - +2 chain mail {rPois}
rPois    +         Reflect  .   R - +1 helmet
rElec    +         Harm     .   m - +2 cloak of Hoopnos {rElec SInv}
rCorr    +         Rampage  .   g - +1 pair of gloves {Dex+3}
Will     ++++.                  S - +1 pair of boots {Fly}
Stlth    +.........             w - amulet "Murphicearch" {Will++ Regen+ Int-2 Dex+3 Stlth+}
HPRegen  0.78/turn              u - ring of resist corrosion
MPRegen  0.19/turn              t - ring of protection from cold

@: studying Armour
A: high mp 1
}: 2/15 runes: decaying, serpentine
a: Evoke Flight


You were on level 3 of the Vaults.
You visited 7 branches of the dungeon, and saw 37 of its levels.
You also visited: Sewer, Bailey, Gauntlet and Ice Cave.

You collected 4302 gold pieces.
You spent 2910 gold pieces at shops.

Inventory:

Hand Weapons
 a - the +1 eveningstar of the Key {vorpal, rElec rPois}
   (You took it off a deep elf annihilator on level 3 of the Elven Halls)

   It inflicts extra damage upon your enemies.
   It insulates you from electricity.
   It protects you from poison.
 b - the +7 sceptre of Torment (weapon) {pain, torment}
   (You took it off a deep elf archer on level 3 of the Elven Halls)

   In the hands of one skilled in necromantic magic, it inflicts extra damage on
   living creatures.
 J - a +4 morningstar of freezing
Missiles
 q - 85 poisoned darts
 A - 22 javelins
 H - 3 throwing nets
 U - 22 silver javelins
Armour
 g - a +1 pair of gloves of dexterity (worn)
 m - the +2 cloak of Hoopnos (worn) {rElec SInv}
   (You found it in an ice cave)

   It insulates you from electricity.
   It lets you see invisible.
 G - a +3 scale mail of cold resistance
 I - a +2 kite shield (worn)
 O - +0 fire dragon scales
 R - a +1 helmet (worn)
 S - a +1 pair of boots of flying (worn)
 X - a +2 chain mail of poison resistance (worn)
Jewellery
 t - a ring of protection from cold (right hand)
 u - a ring of resist corrosion (left hand)
 w - the amulet "Murphicearch" (around neck) {Will++ Regen+ Int-2 Dex+3 Stlth+}
   (You bought it in a shop on level 1 of the Vaults)

   [amulet of regeneration]

   It affects your intelligence (-2).
   It affects your dexterity (+3).
   It affects your willpower, your defense against some magical effects.
   It increases your rate of regeneration.
   It makes you more stealthy.
 M - an uncursed ring of positive energy
 P - the ring "Ytrahaoh" {rElec Int+2 Dex-5 Slay+4}
   (You took it off a minotaur in a Gauntlet)

   [ring of slaying]

   It affects your intelligence (+2).
   It affects your dexterity (-5).
   It affects your accuracy and damage with ranged weapons and melee attacks
   (+4).
   It insulates you from electricity.
Wands
 h - a wand of acid (44)
 p - a wand of iceblast (14)
 v - a wand of mindburst (32)
 B - a wand of flame (116) (quivered)
 W - a wand of digging (13)
Scrolls
 d - 4 scrolls of summoning
 f - 9 scrolls of teleportation
 j - 5 scrolls of fog
 k - 9 scrolls of enchant weapon
 s - a scroll of silence
 x - 17 scrolls of remove curse
 y - 5 scrolls of magic mapping
 L - 3 scrolls of blinking
 V - 4 scrolls of fear
 Z - 17 scrolls of identify
Potions
 c - 2 potions of heal wounds
 e - 3 potions of invisibility
 l - 6 potions of might
 n - 18 potions of curing
 o - 4 potions of ambrosia
 z - 5 potions of haste
 D - a potion of cancellation
 E - 6 potions of mutation
 T - 7 potions of magic
 Y - a potion of resistance
Books
 i - a manual of Armour
Miscellaneous
 r - a phantom mirror
 C - a box of beasts (inert)
 F - a phial of floods
 K - a lightning rod (4/4)
 N - a condenser vane
 Q - a tin of tremorstones (inert)


   Skills:
 - Level 13.0 Fighting
 - Level 1.7 Short Blades
 - Level 16.0 Maces & Flails
 + Level 13.3 Throwing
 + Level 16.4 Armour
 - Level 9.0 Dodging
 - Level 2.6 Stealth
 - Level 15.0 Shields
 - Level 13.0 Evocations


You had 17 spell levels left.
You knew the following spells:

 Your Spells              Type           Power        Failure   Level
a - Blink                 Tloc           N/A          92%         2

Your spell library contained the following spells:

 Spells                   Type           Power        Failure   Level
 Beastly Appendage        Tmut           0%           83%         1
 Corona                   Hex            0%           83%         1
 Freeze                   Ice            0%           83%         1
 Magic Dart               Conj           0%           83%         1
 Pain                     Necr           0%           83%         1
 Shock                    Conj/Air       0%           83%         1
 Sting                    Tmut/Pois      0%           83%         1
 Call Imp                 Summ           0%           92%         2
 Corpse Rot               Necr/Air       N/A          92%         2
 Ensorcelled Hibernation  Hex/Ice        0%           92%         2
 Poisonous Vapours        Pois/Air       0%           92%         2
 Searing Ray              Conj           0%           92%         2
 Slow                     Hex            0%           92%         2
 Sublimation of Blood     Necr           0%           92%         2
 Swiftness                Air            0%           92%         2
 Wereblood                Tmut           0%           92%         2
 Confusing Touch          Hex            0%           99%         3
 Conjure Flame            Conj/Fire      0%           99%         3
 Dazzling Flash           Conj/Hex       0%           99%         3
 Frozen Ramparts          Ice            0%           99%         3
 Ignite Poison            Fire/Tmut/Pois 0%           99%         3
 Inner Flame              Hex/Fire       0%           99%         3
 Mephitic Cloud           Conj/Pois/Air  0%           99%         3
 Portal Projectile        Hex/Tloc       0%           99%         3
 Spider Form              Tmut/Pois      0%           99%         3
 Static Discharge         Conj/Air       0%           99%         3
 Tukima's Dance           Hex            0%           99%         3
 Airstrike                Air            0%           100%        4
 Animate Dead             Necr           0%           100%        4
 Cause Fear               Hex            0%           100%        4
 Dispel Undead            Necr           0%           100%        4
 Fulminant Prism          Conj/Hex       0%           100%        4
 Hailstorm                Conj/Ice       0%           100%        4
 Ice Form                 Ice/Tmut       0%           100%        4
 Iskenderun's Mystic Bla  Conj/Tloc      0%           100%        4
 Leda's Liquefaction      Hex/Erth       0%           100%        4
 Olgreb's Toxic Radiance  Pois           0%           100%        4
 Petrify                  Tmut/Erth      0%           100%        4
 Agony                    Necr           0%           100%        5
 Alistair's Intoxication  Tmut/Pois      0%           100%        5
 Blade Hands              Tmut           0%           100%        5
 Bolt of Magma            Conj/Fire/Erth 0%           100%        5
 Excruciating Wounds      Necr           0%           100%        5
 Irradiate                Conj/Tmut      0%           100%        5
 Iskenderun's Battlesphe  Conj           0%           100%        5
 Lightning Bolt           Conj/Air       0%           100%        5
 Silence                  Hex/Air        0%           100%        5
 Yara's Violent Unravell  Hex/Tmut       0%           100%        5
 Eringya's Noxious Bog    Tmut/Pois      0%           100%        6
 Freezing Cloud           Conj/Ice/Air   0%           100%        6
 Iron Shot                Conj/Erth      0%           100%        6
 Statue Form              Tmut/Erth      0%           100%        6
 Orb of Destruction       Conj           0%           100%        7
 Spellforged Servitor     Conj/Summ      0%           100%        7
 Chain Lightning          Conj/Air       0%           100%        8
 Discord                  Hex            0%           100%        8
 Ignition                 Fire           0%           100%        8
 Lehudib's Crystal Spear  Conj/Erth      0%           100%        8
 Absolute Zero            Ice            0%           100%        9
 Fire Storm               Conj/Fire      0%           100%        9
 Shatter                  Erth           0%           100%        9
 Tornado                  Air            0%           100%        9


Dungeon Overview and Level Annotations

Branches:
Dungeon (15/15)            Temple (0/1) D:6            Lair (6/6) D:11
  Swamp (4/4) Lair:4        Snake (4/4) Lair:2        Slime (0/5) Lair:6
    Orc (2/2) D:10            Elf (3/3) Orc:2        Vaults (3/5) D:14
  Crypt (0/3) Vaults:2     Depths (0/5) D:15          Sewer (visited)
 Bailey (visited)           IceCv (visited)         Gauntlet (visited)

Shops:
D:10 [   D:11 [   D:14 }   Orc:2 *}!(   Elf:1 }   Snake:2 [   Snake:3 }([
Vaults:1 :*[

Annotations:
D:9 2 transporters, tinescath's ghost, novice DEFE
D:11 3 runed translucent doors, bande's ghost, journeyman GrFi
D:14 Roxanne
Swamp:3 2 transporters, exclusion: obsidian statue
Vaults:1 AgonHex's ghost, veteran HOFi; Morgoth's ghost, adept DgDe; theMacoje's ghost, adept OgAM
Vaults:3 Margery; Xtahua


Innate Abilities, Weirdness & Mutations

You have an increased reservoir of magic. (+10% MP)


Message History

The blast of flame hits Xtahua.
Xtahua resists.
Xtahua breathes fire at you.
The searing blast hits your juvenile firesting beast!!
Your juvenile firesting beast resists.
The searing blast hits you!!!
* * * LOW HITPOINT WARNING * * *
Your juvenile firesting beast hits Xtahua.
Your juvenile firesting beast stings Xtahua.
You take 36 damage, and have 48/171 hp.
MASSIVE DAMAGE!!
Xtahua bites your juvenile firesting beast!
Xtahua claws your juvenile firesting beast but does no damage.
Xtahua tramples your juvenile firesting beast but does no damage.
Your juvenile firesting beast hits Xtahua but does no damage.
Your juvenile firesting beast stings Xtahua!
Xtahua bites your juvenile firesting beast!!
Your juvenile firesting beast dies!
Your juvenile firesting beast's corpse disappears in a puff of smoke!
Xtahua breathes fire at you. The searing blast hits you!!!
You die...

.#....................#)))##.....
.#....................##)###.....
.#.....................).........
.#....)..........###+#######.....
.#.))......D.....#......#####....
##...)......§..○.#.#..#...###.###
.)..))...........#....#....##.#..
...#'###+###....☼#)...###..##.#..
...#.......#....@#)###..#...#.#..
...#.......#.....#)..#..###.#.#..
...#.......#.....##..###....#.#..
...#.......#.....##....#....#.#..
...#.......#.....###...#..#.#.#..
...'.......#.....#####......#.#..
...#.......#......###########.#..
...#.......#..................###
...#.......#^..........(.........


You could see Xtahua (catching breath).

Vanquished Creatures
  Frederick (Vaults:2)
  Saint Roka (Snake:3)
  Nikola (Orc:2)
  A bone dragon (Swamp:4)
  A tentacled monstrosity (Vaults:3)
  A lich (Vaults:3)
  4 deep elf blademasters
  A deep elf master archer (Elf:3)
  A thorn hunter (Swamp:3)
  Kirke (Swamp:1)
  8 nagarajas
  A fenstrider witch (Swamp:3)
  6 deep elf sorcerers
  A fire giant (Vaults:1)
  2 vault wardens (Vaults:3)
  An orc warlord (D:10)
  2 deep elf elementalists (Elf:3)
  Louise (Elf:2)
  A ghoul (Vaults:3)
  12 ironheart preservers
  3 stone giants
  8 deep elf demonologists
  An entropy weaver (Vaults:2)
  Azrael (Elf:2)
  5 bunyips
  10 deep elf annihilators
  A minotaur (Gauntlet)
  Snorg (Lair:6)
  3 eleionomae (Swamp:3)
  8 deep elf death magi
  4 fire dragons
  A jiangshi (Vaults:1)
  Josephine (D:12)
  3 yaktaur captains
  3 great orbs of eyes
  6 deep elf high priests
  Harold (D:7)
  10 boulder beetles
  7 anacondas
  12 naga warriors
  3 ogre magi
  19 hydras
  3 ice dragons
  A catoblepas (D:12)
  6 ghost crabs
  10 two-headed ogres
  20 dancing weapons
  A deep troll shaman (Vaults:2)
  6 centaur warriors
  4 death knights
  An orc high priest (Elf:1)
  11 alligators
  A deep troll earth mage (Vaults:2)
  4 shock serpents
  2 vampire magi
  3 tengu warriors
  3 hell knights (Vaults:3)
  23 deep elf knights
  11 naga sharpshooters
  6 spriggans
  3 salamander mystics (Snake:4)
  8 deep trolls
  2 spriggan druids (Swamp:2)
  3 unseen horrors
  8 skeletal warriors
  4 goliath frogs
  An obsidian statue (Vaults:1)
  2 glowing orange brains
  A flayed ghost (Vaults:3)
  10 naga ritualists
  2 phantasmal warriors
  A swamp dragon (Swamp:4)
  4 bog bodies
  17 deep elf archers
  A lindwurm (shapeshifter) (Orc:2)
  11 orc knights
  2 wizards
  A spectral hydra (Swamp:4)
  6 ironbrand convokers
  23 deep elf pyromancers
  4 necromancers
  A sphinx zombie (Vaults:2)
  25 deep elf zephyrmancers
  A harpy (shapeshifter) (Vaults:1)
  17 mana vipers
  25 ugly things
  An orb spider (shapeshifter) (Elf:2)
  An orc sorcerer (D:10)
  3 manticores
  An oklob plant (Swamp:4)
  6 wolf spiders
  11 cyclopes
  15 salamanders
  4 will-o-the-wisps
  27 black mambas
  7 vault sentinels
  12 naga magi
  7 guardian serpents
  2 ice statues (IceCv)
  A black mamba (shapeshifter) (Vaults:2)
  2 gargoyles
  16 cane toads
  3 swamp worm zombies (Swamp:4)
  2 rime drakes
  11 yaktaurs
  An eye of devastation (shapeshifter) (Vaults:1)
  A kobold demonologist (D:11)
  An efreet (D:14)
  A tengu conjurer (D:15)
  A golden dragon simulacrum (IceCv)
  2 freezing wraiths (Vaults:3)
  8 komodo dragons
  An anaconda simulacrum (IceCv)
  10 ice devils (IceCv)
  6 hydra zombies (Swamp:4)
  11 trolls
  A jumping spider (shapeshifter) (Vaults:3)
  A meliai (shapeshifter) (Vaults:1)
  4 meliai
  A troll (shapeshifter) (D:14)
  12 tyrant leeches
  8 hornets
  A queen bee (shapeshifter) (D:13)
  A polar bear (shapeshifter) (Vaults:1)
  3 polar bears
  4 spectral swamp dragons (Swamp:4)
  2 alligator zombies (Swamp:4)
  12 blink frogs
  A sphinx simulacrum (Vaults:2)
  A meliai zombie (D:12)
  30 slime creatures
  A boulder beetle zombie (Vaults:2)
  15 dream sheep
  Sigmund (D:2)
  A vampire (D:14)
  An air elemental (Elf:2)
  A spriggan (shapeshifter) (Vaults:1)
  5 flying skulls (Gauntlet)
  A redback (Vaults:2)
  5 wyverns
  7 water elementals
  2 shadows
  8 wraiths
  8 fire elementals
  34 yaks
  A human (Swamp:1)
  2 basilisks
  2 hogs (Swamp:1)
  2 human simulacra
  A steam dragon (D:11)
  10 vampire mosquitoes
  4 harpy simulacra (IceCv)
  7 wargs
  12 swamp worms
  An iron troll simulacrum (IceCv)
  4 acid dragons
  43 nagas
  2 hydra simulacra (IceCv)
  2 large abominations (Elf:1)
  3 hell hounds (Elf:2)
  Edmund (D:6)
  14 water moccasins
  56 orc warriors
  5 ice beasts
  A hornet zombie (D:10)
  A swamp drake (Swamp:1)
  3 black bears
  3 eyes of draining
  3 phantoms
  An ettin simulacrum (IceCv)
  16 ogres
  2 orc zombies (Vaults:2)
  A swamp dragon zombie (Swamp:4)
  28 centaurs
  A necrophage (D:9)
  5 sky beasts
  7 boggarts
  14 wolves
  4 elf zombies (Elf:1)
  8 big kobolds
  20 bullfrogs
  A gnoll sergeant (D:12)
  6 earth elementals
  A wyvern skeleton (D:14)
  A water moccasin zombie (D:8)
  6 scorpions
  12 wights
  26 killer bees
  6 electric eels
  3 howler monkeys
  4 bullfrog zombies
  2 bullfrog skeletons
  8 jellies
  7 hounds
  5 centaur zombies
  18 orc priests
  8 centaur skeletons
  Jessica (D:2)
  5 iguanas
  10 worker ants
  A spectral swamp drake (Swamp:4)
  25 orc wizards
  6 hell rats (Lair:4)
  A hound skeleton (D:4)
  A mummy (D:5)
  10 gnolls
  2 swamp drake zombies (Swamp:4)
  14 adders
  3 shadow imps
  7 white imps
  An ufetubus (D:5)
  2 oozes
  4 adder skeletons
  2 adder zombies
  3 worms
  A dart slug (D:3)
  11 leopard geckos
  117 orcs
  3 ball pythons
  11 giant cockroaches
  12 goblins
  5 hobgoblins
  15 jackals
  6 quokkas
  13 bats
  10 frilled lizards
  36 kobolds
  A quokka zombie (D:5)
  9 rats
  4 briar patches (Swamp:3)
1561 creatures vanquished.

Vanquished Creatures (collateral kills)
  An Ice Fiend (IceCv)
  Aizul (Snake:2)
  A centaur warrior (Vaults:2)
  A naga sharpshooter (Snake:2)
  A dancing weapon (Elf:2)
  An ugly thing (Vaults:2)
  A black mamba (Snake:2)
7 creatures vanquished.

Vanquished Creatures (others)
  A ghost crab (Swamp:4)
  A deep elf knight (Elf:1)
  A spriggan (Swamp:4)
  2 naga ritualists (Snake:4)
  A black mamba (Snake:4)
  A tengu conjurer (D:15)
  A tyrant leech (Swamp:4)
  8 bloated husks (Swamp:4)
  A hornet (Swamp:4)
  3 phantoms (Swamp:4)
  2 orc priests
  2 orcs
  2 briar patches (Swamp:3)
  2 bushes (D:15)
  3 demonic plants (Gauntlet)
  14 foxfires
  8 fungi
  100 plants
  4 withered plants (Vaults:1)
157 creatures vanquished.

Grand Total: 1725 creatures vanquished

Notes
Turn   | Place    | Note
-------+----------+-------------------------------------------
     0 | D:1      | gimp the Demigod Wanderer began the quest for the Orb.
     0 | D:1      | gimp set off with the following items: a +2 short sword, 2
                  | scrolls of teleportation, a +0 robe, a +0 dagger
     0 | D:1      | Reached XP level 1. HP: 19/19 MP: 3/3
   282 | D:1      | Reached XP level 2. HP: 27/27 MP: 4/4
   743 | D:2      | Reached XP level 3. HP: 27/34 MP: 5/5
   891 | D:2      | Reached skill level 5 in Fighting
   906 | D:2      | Reached XP level 4. HP: 29/42 MP: 6/6
   907 | D:2      | Noticed Sigmund
  1286 | D:2      | Killed Sigmund
  1287 | D:2      | Reached XP level 5. HP: 46/51 MP: 7/7
  2162 | D:2      | Reached XP level 6. HP: 48/58 MP: 8/8
  2346 | D:2      | Noticed Jessica
  2352 | D:2      | Killed Jessica
  2442 | D:3      | Reached skill level 1 in Maces & Flails
  3066 | D:3      | Reached skill level 1 in Shields
  3070 | D:3      | Found a blossoming altar of Fedhas.
  3071 | D:3      | Found an iron altar of Okawaru.
  3071 | D:3      | Found a basalt altar of Yredelemnul.
  3072 | D:3      | Found a hide-covered altar of Uskayaw.
  3075 | D:3      | Found a glowing golden altar of the Shining One.
  4530 | D:5      | Entered Level 5 of the Dungeon
  4603 | D:5      | Found a snail-covered altar of Cheibriados.
  4632 | D:5      | Reached XP level 7. HP: 48/66 MP: 9/9
  5563 | D:5      | Reached skill level 5 in Maces & Flails
  5757 | D:5      | Reached XP level 8. HP: 66/73 MP: 10/10
  6061 | D:6      | Found a staircase to the Ecumenical Temple.
  6081 | D:6      | Found a glowing drain.
  6117 | Sewer    | Entered a sewer
  6761 | D:6      | Found a radiant altar of Vehumet.
  6771 | D:6      | Noticed Edmund
  6798 | D:6      | Killed Edmund
  7151 | D:6      | Reached skill level 1 in Throwing
  7151 | D:6      | Reached skill level 1 in Armour
  7737 | D:7      | Found a broken altar of Ashenzari.
  7988 | D:7      | Noticed Harold
  7992 | D:7      | Reached XP level 9. HP: 61/79 MP: 11/11
  8022 | D:7      | Killed Harold
  8480 | D:7      | Found a glowing silver altar of Zin.
  9709 | D:9      | Learned a level 2 spell: Blink
  9765 | D:9      | Reached XP level 10. HP: 67/86 MP: 13/13
  9779 | D:9      | Reached skill level 5 in Armour
  9880 | D:9      | Reached skill level 5 in Throwing
 10041 | D:9      | Found a transporter.
 10061 | D:9      | Identified the +5 great sword of the Desert {antimagic,
                  | Int+6 Dex-3}
 10061 | D:9      | Noticed a tengu warrior
 10066 | D:9      | Noticed tinescath's ghost (novice DEFE)
 10066 | D:9      | Noticed a two-headed ogre
 10114 | D:9      | Noticed a moth of wrath
 10135 | D:9      | Found a transporter.
 10341 | D:9      | Found an opulent altar of Gozag.
 10342 | D:9      | Found a sparkling altar of Nemelex Xobeh.
 10379 | D:10     | Entered Level 10 of the Dungeon
 10787 | D:10     | Reached skill level 10 in Maces & Flails
 11143 | D:10     | Found a staircase to the Orcish Mines.
 11145 | D:10     | Found Wocypp's Armour Shoppe.
 12080 | D:10     | Reached skill level 5 in Shields
 12356 | D:11     | Noticed a cyclops
 12359 | D:11     | Reached skill level 1 in Evocations
 12366 | D:11     | Killed a cyclops
 12367 | D:11     | Reached XP level 11. HP: 69/92 MP: 6/14
 12473 | D:11     | Noticed a two-headed ogre
 12475 | D:11     | Noticed a boulder beetle
 12490 | D:11     | Killed a two-headed ogre
 12517 | D:11     | Killed a boulder beetle
 12665 | D:11     | Found a staircase to the Lair.
 12691 | D:11     | Noticed a death knight
 12738 | D:11     | Killed a death knight
 13170 | D:11     | Noticed a boulder beetle
 13190 | D:11     | Killed a boulder beetle
 13419 | D:11     | Found Onedoz's Antique Armour Shoppe.
 13422 | D:11     | Bought an embroidered cloak for 202 gold pieces
 13572 | D:11     | Found a runed translucent gate.
 13572 | D:11     | Found a runed translucent gate.
 13573 | D:11     | Found a runed translucent gate.
 13573 | D:11     | Noticed bande's ghost (journeyman GrFi)
 13765 | D:12     | Noticed a two-headed ogre
 13771 | D:12     | Killed a two-headed ogre
 13821 | D:12     | Noticed a catoblepas
 14312 | D:12     | Killed an unseen horror
 14413 | D:12     | Noticed a tengu warrior
 14419 | D:12     | Noticed a two-headed ogre
 14419 | D:12     | Noticed a boulder beetle
 14739 | Orc:1    | Entered Level 1 of the Orcish Mines
 14744 | Orc:1    | Reached XP level 12. HP: 100/100 MP: 15/15
 15298 | Orc:1    | Found a burning altar of Makhleb.
 15383 | Orc:1    | Reached skill level 5 in Dodging
 15574 | Orc:1    | Noticed an orc warlord
 15641 | D:10     | Killed an orc warlord
 15642 | D:10     | Reached skill level 5 in Evocations
 15850 | Orc:1    | Noticed a stone giant
 15867 | Orc:1    | Found a bloodstained altar of Trog.
 15868 | Orc:1    | Found the cursed necklace of Bloodlust {*Rage +Rage Will++
                  | Int-3 Slay+6 *Curse}
 15963 | Orc:2    | Entered Level 2 of the Orcish Mines
 15963 | Orc:2    | Found a staircase to the Elven Halls.
 16770 | Orc:2    | Found Ymeyvo's Distillery.
 16770 | Orc:2    | Found Husem's Gadget Emporium.
 16772 | Orc:2    | Found Ehuinoiph's Assorted Antiques.
 16790 | Orc:2    | Found Elaeneme's Antique Weapon Boutique.
 16797 | Orc:2    | Bought a blackened silver amulet for 135 gold pieces
 16797 | Orc:2    | Bought a scroll of fog for 54 gold pieces
 16797 | Orc:2    | Bought a scroll of identify for 54 gold pieces
 16797 | Orc:2    | Bought a scroll of identify for 54 gold pieces
 17516 | Orc:2    | Bought a wand of acid (5) for 216 gold pieces
 17516 | Orc:2    | Bought a lightning rod (4/4) for 360 gold pieces
 17516 | Orc:2    | Bought a tin of tremorstones (2/2) for 480 gold pieces
 17640 | Lair:1   | Entered Level 1 of the Lair of Beasts
 17889 | Lair:1   | Noticed a six-headed hydra
 17897 | Lair:1   | Killed a six-headed hydra
 18888 | Lair:2   | Noticed a four-headed hydra
 18899 | Lair:2   | Killed a four-headed hydra
 19022 | Lair:2   | Found a staircase to the Snake Pit.
 19029 | Lair:2   | Reached XP level 13. HP: 104/105 MP: 16/16
 19211 | Lair:2   | You fall into a shaft and drop 2 floors!
 22773 | Lair:4   | Found a staircase to the Swamp.
 23633 | Lair:6   | Entered Level 6 of the Lair of Beasts
 23850 | Lair:6   | Noticed Snorg
 24410 | Lair:6   | Killed Snorg
 24661 | Lair:6   | Found a staircase to the Slime Pits.
 25724 | D:12     | Reached XP level 14. HP: 97/113 MP: 17/17
 25917 | D:12     | Noticed Josephine
 25940 | D:12     | Killed Josephine
 26040 | D:12     | Reached skill level 15 in Maces & Flails
 26516 | D:12     | Reached skill level 10 in Shields
 27214 | D:13     | Found a flagged portal.
 27239 | Bailey   | Entered a bailey
 27591 | Bailey   | Found the +4 Cigotuvi's embrace {rMiasma *Drain rN+}
 29139 | D:14     | Identified Roxanne's Volume of Shape Shifting
 29139 | D:14     | Noticed Roxanne
 29182 | D:14     | Found Geol's Gadget Emporium.
 29184 | D:14     | Bought a phantom mirror for 400 gold pieces
 30849 | D:14     | Found a gate to the Vaults.
 31983 | D:15     | Entered Level 15 of the Dungeon
 32064 | D:15     | Reached XP level 15. HP: 102/118 MP: 18/18
 32065 | D:15     | Found a gate leading to a gauntlet.
 32139 | Gauntlet | Entered a Gauntlet
 32139 | Gauntlet | Found a transporter.
 32139 | Gauntlet | Found a runed translucent gate.
 32139 | Gauntlet | Found a runed translucent gate.
 32149 | Gauntlet | Found a runed translucent gate.
 32154 | Gauntlet | Found a transporter.
 32157 | Gauntlet | Found a transporter.
 32165 | Gauntlet | Found a transporter.
 32167 | Gauntlet | Found a transporter.
 32176 | Gauntlet | Found a transporter.
 32192 | Gauntlet | Found a transporter.
 32203 | Gauntlet | Found a transporter.
 32213 | Gauntlet | Found a transporter.
 32227 | Gauntlet | Found a transporter.
 32236 | Gauntlet | Found a transporter.
 32238 | Gauntlet | Found a transporter.
 32298 | Gauntlet | Found a transporter.
 32510 | Gauntlet | Identified the +1 war axe "Dysillil" {elec, *Slow rF+ MP+9}
 32510 | Gauntlet | Identified the cursed +1 shortbow "Syischur" {venom, rElec
                  | rN+}
 32510 | Gauntlet | Identified the ring "Ytrahaoh" {rElec Int+2 Dex-5 Slay+4}
 33613 | D:15     | Found a staircase to the Depths.
 33669 | D:15     | Reached skill level 10 in Evocations
 34739 | Snake:1  | Entered Level 1 of the Snake Pit
 35792 | Snake:2  | Noticed a nagaraja
 35817 | Snake:2  | Killed a nagaraja
 36481 | Snake:2  | HP: 2/123 [salamander/+1 trident of venom (8)]
 36919 | Snake:2  | Noticed a nagaraja
 36930 | Snake:2  | Killed a nagaraja
 37130 | Snake:2  | Noticed a nagaraja
 37152 | Snake:2  | Killed a nagaraja
 37321 | Snake:2  | Found Wer Hui's Antique Armour Shoppe.
 37569 | Snake:2  | Noticed Aizul
 37593 | Snake:2  | Killed Aizul
 37594 | Snake:2  | Reached skill level 10 in Armour
 37618 | Snake:1  | HP: 6/123 [poisoned by Aizul (bolt of poison)]
 37624 | Snake:1  | HP: 5/123 [poisoned by Aizul (bolt of poison)]
 37630 | Snake:1  | HP: 5/123 [poisoned by Aizul (bolt of poison)]
 37638 | Snake:1  | HP: 5/123 [poisoned by Aizul (bolt of poison)]
 38792 | Snake:3  | Found Giteed's Antique Weapon Emporium.
 38793 | Snake:3  | Found Upedwir's Antique Weapon Shoppe.
 38793 | Snake:3  | Found Vophick's Gadget Emporium.
 38798 | Snake:3  | Found Jutu's Armour Shoppe.
 38855 | Snake:3  | Reached XP level 16. HP: 111/132 MP: 19/19
 39754 | Snake:3  | Noticed Saint Roka
 39879 | Snake:3  | Killed Saint Roka
 40536 | Snake:4  | Entered Level 4 of the Snake Pit
 42073 | Snake:4  | Reached skill level 10 in Fighting
 45073 | Snake:4  | Got a serpentine rune of Zot
 45274 | Swamp:1  | Entered Level 1 of the Swamp
 45666 | Vaults:1 | Entered Level 1 of the Vaults
 45729 | Vaults:1 | Found Lealubil's Book Boutique.
 45758 | Vaults:1 | Found Luovooz's General Store.
 45804 | Vaults:1 | Bought the amulet "Murphicearch" {Will++ Regen+ Int-2 Dex+3
                  | Stlth+} for 955 gold pieces
 46123 | Vaults:1 | Reached XP level 17. HP: 70/141 MP: 20/20
 46772 | Vaults:1 | Found a runed translucent gate.
 46773 | Vaults:1 | Found a runed translucent gate.
 46773 | Vaults:1 | Found a runed translucent gate.
 46774 | Vaults:1 | Noticed Morgoth's ghost (adept DgDe)
 46774 | Vaults:1 | Noticed AgonHex's ghost (veteran HOFi)
 46774 | Vaults:1 | Noticed theMacoje's ghost (adept OgAM)
 46886 | Vaults:1 | Found Xexyrea's Antique Armour Shop.
 47299 | Vaults:1 | Noticed an Ice Fiend
 48797 | Vaults:2 | Found a staircase to the Crypt.
 49752 | Vaults:2 | Noticed Frederick
 49768 | Vaults:2 | Killed Frederick
 50662 | Vaults:2 | Noticed a Tzitzimitl
 50663 | Vaults:2 | Reached XP level 18. HP: 154/154 MP: 21/21
 50889 | Vaults:3 | Noticed Margery
 50935 | Vaults:3 | HP: 5/154 [Margery/bolt of fire (51)]
 51425 | Elf:1    | Entered Level 1 of the Elven Halls
 51427 | Elf:1    | Noticed Nikola
 51495 | Orc:2    | Killed Nikola
 52318 | Elf:1    | Found Baliujes's Gadget Shop.
 52771 | Elf:1    | Identified the Papyrus of Anarchy
 52889 | Elf:2    | Found a frozen archway.
 52913 | IceCv    | Entered an ice cave
 53570 | IceCv    | Identified the +2 cloak of Hoopnos {rElec SInv} (You found
                  | it in an ice cave)
 54014 | Elf:2    | Found a huge runed translucent gate.
 54014 | Elf:2    | Found a huge runed translucent gate.
 54014 | Elf:2    | Found a huge runed translucent gate.
 54018 | Elf:2    | Found a huge runed translucent gate.
 54019 | Elf:2    | Found a huge runed translucent gate.
 55090 | Elf:2    | Noticed Azrael
 55092 | Elf:2    | Noticed Louise
 55094 | Elf:2    | Killed Azrael
 55120 | Elf:2    | Killed Louise
 55121 | Elf:2    | Reached skill level 15 in Shields
 55191 | Elf:3    | Entered Level 3 of the Elven Halls
 55209 | Elf:3    | Noticed a Brimstone Fiend
 56195 | Elf:3    | Reached XP level 19. HP: 140/163 MP: 22/22
 56970 | Elf:3    | Reached skill level 10 in Throwing
 57788 | Elf:3    | Identified the +1 leather armour "Ishryw" {Rampage rN+
                  | Dex+2}
 58068 | Elf:3    | Identified the cursed +1 eveningstar of the Key {vorpal,
                  | rElec rPois}
 58325 | Elf:3    | Identified Faitev's Handbook of Vitriolic Ice
 59557 | Swamp:1  | Noticed Kirke
 59569 | Swamp:1  | Killed Kirke
 60582 | Swamp:3  | Found a transporter.
 60596 | Swamp:3  | Found a transporter.
 61375 | Swamp:4  | Entered Level 4 of the Swamp
 61743 | Swamp:4  | Identified a scroll of acquirement
 61744 | Swamp:4  | Acquired a manual of Armour
 62343 | Swamp:4  | Noticed a bone dragon
 62518 | Swamp:4  | Killed a bone dragon
 62657 | Swamp:4  | Reached skill level 15 in Armour
 62919 | Swamp:4  | Got a decaying rune of Zot
 63765 | Vaults:3 | Reached XP level 20. HP: 166/168 MP: 24/24
 65018 | Vaults:3 | Noticed Xtahua
 65030 | Vaults:3 | Killed from afar by Xtahua

Illustrated notes

Levels and vault maps discovered:
D:1:      dpeg_arrival_stone_temple_mockup, layout_basic
D:2:      layout_rooms, uniq_jessica, uniq_sigmund
D:3:      layout_loops_ring, minitemple
D:4:      layout_basic
D:5:      cheibrodos_barr_body, layout_gridville, slow_altar_1
D:6:      layout_loops_ring, lemuel_round_altar,
          minmay_temple_entry_glassed_door, portal_sewer_entry_f,
          minmay_pentangle, uniq_edmund
D:7:      layout_rooms, marbit_many_paths, ashenzari_altar_1, uniq_harold
D:8:      layout_gridville
D:9:      layout_cave_pools, grunt_temple_overflow_opulence,
          gammafunk_ghost_wrathful_warriors, hangedman_abyss_or_decor_passed,
          nrook_campfire, minmay_misc_feat_ornament
D:10:     layout_cross, orc_david_3
D:11:     layout_rooms, erik_lair_orcish_takeover, gammafunk_ghost_necromancy,
          serial_shops, nicolae_shop_stone
D:12:     minmay_big_diamond_grid, layout_irregular_city, uniq_josephine
D:13:     layout_stronghold, enter_bailey_4
D:14:     minmay_the_grid_plus_closed [minmay_the_grid_box_x,
          minmay_the_grid_tiny_cups, minmay_the_grid_all_tris,
          minmay_the_grid_fan, minmay_the_grid_prize_shrinking_boxes],
          layout_irregular_city, serial_bayou, serial_bayou_ford_a,
          serial_bayou_shore_a, serial_bayou_lagoon_b, serial_bayou_lake_a,
          minmay_holes, serial_shops, shop, minivault_11, uniq_roxanne
D:15:     grunt_enter_depths_hoard, layout_basic, serial_park_square3
          [serial_park_minivault_5x5_7], gauntlet_entry_generic,
          minmay_fountain_box
Lair:1:   layout_cave_pods, grunt_megastairs_5
Lair:2:   layout_cave_pods, guppyfry_snake_entry_garden, minivault_24,
          serial_bayou_lagoon_a, serial_bayou_shore_b
Lair:3:   layout_layer_cave, infiniplex_staircase_pool, grunt_megastairs_2
Lair:4:   layout_regular_city, palyth_hydra_swamp_entry
Lair:5:   layout_loops_ring, lemuel_fruit_tree
Lair:6:   due_jungle_book, layout_cave_shapes, minmay_slime_entry_pillars,
          uniq_snorg
Swamp:1:  layout_basic_swamp, nicolae_swamp_dense_foliage, swamp_pool1,
          infiniplex_staircase_pool_2, uniq_kirke
Swamp:2:  layout_falls_marsh, evilmike_swamp_ruin_house_3
Swamp:3:  gammafunk_sealed_arena, layout_basic_swamp,
          evilmike_swamp_ruin_rubble_2, cheibrodos_swamp_pet_leeches
Swamp:4:  swamp_pestilence, layout_basic_swamp, swamp_pool1
Snake:1:  layout_rooms
Snake:2:  layout_layer_cave, serial_shops, shop, serial_bayou_pond_d,
          st_stairs_10, uniq_aizul
Snake:3:  layout_chambers, serial_bayou_shore_b, minmay_shoptagon,
          uniq_saint_roka
Snake:4:  johnstein_snake_rune_scales, layout_layer_cave
Orc:1:    emtedronai_trogs_sanctum, layout_caves, basic_altar
Orc:2:    st_orc_rangers, layout_diamond_mine
Elf:1:    layout_rooms, serial_shops, shop, minmay_elf_necromancy, uniq_nikola
Elf:2:    layout_geoelf_diagonals, portal_ice_cave_entry_pillars_1, uniq_azrael,
          uniq_louise
Elf:3:    minmay_elf_hall_quartered_circle, layout_loops_corners
Vaults:1: gammafunk_vaults_ghost_cemetery, hangedman_vaults_stitches,
          vaults_standard_mumra_enter_the_diamond, v_pattern_5,
          nicolae_vaults_network_quinsquares
          [nicolae_vaults_network_quincunx_subvault,
          nicolae_vaults_network_quincunx_subvault,
          nicolae_vaults_network_quincunx_subvault,
          nicolae_vaults_network_quincunx_subvault], v_misc_16,
          nicolae_vaults_statue_guard, grunt_vaults_swirl,
          ontoclasm_vaults_decontamination, nicolae_vaults_stairing_the_circle,
          v_misc_8, v_misc_22, vaults_room_stairs_pillars, layout_vaults_ring,
          serial_shops, nicolae_shop_stone, shop,
          nicolae_shop_temple_entry_statues_fountains
Vaults:2: nicolae_vaults_little_squares_2, hangedman_vaults_variations,
          ontoclasm_vaults_claustrophobia, dpeg_vaults_monster_box,
          vaults_room_pool, vaults_standard_mumra_x, vaults_dpeg_doors,
          v_misc_26, ontoclasm_vaults_spin, vaults_mumra_lcd, v_pattern_2,
          layout_vaults_maze_snakey, minmay_crypt_entry_simple_box,
          uniq_frederick
Vaults:3: nicolae_vaults_sealed_display, nicolae_vaults_network_periphery,
          v_misc_25, serial_ice_m, v_misc_33, v_misc_19, vaults_room_hallway,
          st_lattice, hangedman_vaults_hat, hangedman_vaults_capsules,
          hangedman_vaults_corner_blocks, vaults_room_hallway,
          nicolae_vaults_mini_display_case, layout_vaults_chaotic_city,
          uniq_xtahua, uniq_margery

Skill      XL: |  1  2  3  4  5  6  7  8  9 10 11 12 13 14 15 16 17 18 19 20 |
---------------+-------------------------------------------------------------+-----
Fighting       | 4 5 6 7 9 10 12 13 | 13.0
Maces & Flails | 3 5 7 9 10 12 13 14 16 | 16.0
Shields        | 2 3 4 5 6 8 9 10 12 13 14 15 | 15.0
Throwing       | 2 4 6 9 12 13 | 13.3
Armour         | 2 4 6 8 10 11 12 15 16 | 16.4
Evocations     | 1 4 6 8 9 11 12 13 | 13.0
Dodging        | 4 6 8 9 |  9.0
Short Blades   | |  1.7
Stealth        | |  2.6

Action                   |  1- 3 |  4- 6 |  7- 9 | 10-12 | 13-15 | 16-18 | 19-21 || total
-------------------------+-------+-------+-------+-------+-------+-------+-------++-------
Melee: Short sword       |   103 |   251 |       |       |       |       |       ||   354
       Mace              |    11 |       |       |       |       |       |       ||    11
       Whip              |       |    43 |   302 |       |       |       |       ||   345
       Flail             |       |       |   326 |   893 |       |       |       ||  1219
       Morningstar       |       |       |       |    57 |  1796 |  2440 |   176 ||  4469
       Eveningstar       |       |       |       |       |       |       |   854 ||   854
Throw: Dart              |       |     3 |    17 |    18 |    18 |       |    68 ||   124
       Throwing net      |       |       |     1 |       |     1 |       |       ||     2
 Abil: Stop Flying       |       |       |       |       |       |     1 |       ||     1
Evoke: Wand              |       |       |     2 |     2 |    31 |    39 |    22 ||    96
       Phial of floods   |       |       |       |     1 |     1 |     1 |       ||     3
       Tin of tremorston |       |       |       |       |     8 |    12 |     9 ||    29
       Lightning rod     |       |       |       |       |     3 |    17 |     7 ||    27
       Box of beasts     |       |       |       |       |     1 |     5 |     1 ||     7
       Phantom mirror    |       |       |       |       |     1 |     2 |       ||     3
       Condenser vane    |       |       |       |       |       |       |     2 ||     2
  Use: Scroll            |       |     1 |    11 |    14 |    11 |    11 |    12 ||    60
       Potion            |       |       |     3 |     6 |     4 |     3 |     1 ||    17
 Stab: Petrified         |       |       |       |     1 |     1 |       |       ||     2
       Held in net/web   |       |       |       |       |     1 |       |       ||     1
       Paralysed         |       |       |       |       |    16 |       |       ||    16
       Distracted        |       |       |       |       |     1 |       |       ||     1
       Sleeping          |       |       |       |       |       |     5 |     1 ||     6
Armor: Chain mail        |    69 |   181 |   163 |   259 |   726 |   481 |    41 ||  1920
       Scale mail        |       |       |   161 |   162 |       |   112 |    32 ||   467
       Fire dragon scale |       |       |       |       |       |       |   312 ||   312
Dodge: Dodged            |    27 |    60 |   221 |   250 |   469 |   595 |   518 ||  2140
Block: Buckler           |       |    41 |   212 |    17 |       |       |       ||   270
       Kite shield       |       |       |       |   844 |  1513 |  1309 |   762 ||  4428
       Reflection        |       |       |       |    64 |    53 |    60 |       ||   177

Table legend: (Time is in decaauts)
 A = Elapsed time spent in this place.
 B = Non-inter-level travel time spent in this place.
 C = Inter-level travel time spent in this place.
 D = Time resting spent in this place.
 E = Time spent auto-exploring this place.
 F = Levels seen in this place.
 G = Mean time per level.
                   A        B        C        D        E       F      G
               +--------+--------+--------+--------+--------+-----+--------+
         Total |  64316 |  60693 |   3623 |   7753 |  38717 |  41 | 1568.7 |
       Dungeon |  23144 |  21556 |   1588 |   3153 |  13447 |  15 | 1542.9 |
          Lair |   8595 |   7768 |    827 |      0 |   6716 |   6 | 1432.5 |
         Swamp |   4158 |   3933 |    225 |    286 |   2608 |   4 | 1039.5 |
     Snake Pit |  10225 |  10011 |    214 |   1739 |   6639 |   4 | 2556.2 |
  Orcish Mines |   2856 |   2613 |    243 |    651 |   1332 |   2 | 1428.0 |
   Elven Halls |   5855 |   5634 |    221 |   1240 |   2678 |   3 | 1951.7 |
        Vaults |   6726 |   6423 |    303 |    559 |   4005 |   3 | 2242.0 |
         Sewer |    741 |    741 |      0 |      0 |    496 |   1 |  741.0 |
        Bailey |    845 |    845 |      0 |      0 |    404 |   1 |  845.0 |
      Ice Cave |    752 |    752 |      0 |    107 |    335 |   1 |  752.0 |
      Gauntlet |    416 |    416 |      0 |     17 |     56 |   1 |  416.0 |
               +--------+--------+--------+--------+--------+-----+--------+

Top non-repeatable levels by time:
    D:14: 3769 daAuts
 Snake:4: 3496 daAuts
 Snake:3: 3138 daAuts
Vaults:1: 2910 daAuts
   Elf:2: 2693 daAuts
Vaults:2: 2351 daAuts
    D:12: 2301 daAuts
   Elf:3: 2216 daAuts
    D:10: 2180 daAuts
 Snake:2: 1927 daAuts
   Orc:2: 1888 daAuts
    D:11: 1765 daAuts
  Lair:4: 1714 daAuts
  Lair:3: 1711 daAuts
 Swamp:4: 1703 daAuts
